 Dungeon Crawl Stone Soup version 0.29.0-4-gdea44cf6ec (webtiles) character file.

Game seed: 11085543397809359565

193 qw the Ruffian (level 5, -2/40 HPs)
             Began as a Ghoul Fire Elementalist on Aug 29, 2022.
             Slain by a goblin
             ... wielding a +0 club
              (6 damage)
             ... on level 4 of the Dungeon.
             The game lasted 00:02:47 (4356 turns).

qw the Ruffian (Ghoul Fire Elementalist)            Turns: 4356, Time: 00:02:47

Health: -2/40      AC:  4    Str: 14    XL:     5   Next: 72%
Magic:  6/6        EV:  7    Int: 10    God:
Gold:   213        SH: 11    Dex:  9    Spells: 6/7 levels left

rFire   . . .      SeeInvis +     - Unarmed
rCold   + . .      Faith    .   k - +0 tower shield
rNeg    + + +      Spirit   .   g - +0 leather armour
rPois   inf        Reflect  .   (no helmet)
rElec   .          Harm     .   (no cloak)
rCorr   .          Rampage  .   (no gloves)
Will    .....                   j - +0 pair of boots
Stlth   +.........              (no amulet)
HPRegen 0.00/turn               b - ring of see invisible
MPRegen 0.10/turn               (no ring)

@: inhibited regen
A: claws 1, cold resistance 1, negative energy resistance 3, inhibited
regeneration, torment resistance 2, devour on kill
a: no special abilities


You were on level 4 of the Dungeon.
You visited 1 branch of the dungeon, and saw 4 of its levels.

You collected 268 gold pieces.
You spent 55 gold pieces at shops.


Innate Abilities, Weirdness & Mutations

You are immune to poison.
You have sharp fingernails.
Your flesh is cold resistant. (rC+)
You are immune to negative energy. (rN+++)
You do not regenerate when monsters are visible.
You are immune to unholy pain and torment.
You thrive by killing the living.


   Skills:
 - Level 1.0 Fighting
 - Level 1.7 Dodging
 - Level 2.1 Stealth
 + Level 3.3 Shields
 - Level 3.6 Unarmed Combat
 - Level 1.7 Spellcasting
 - Level 0.7 Conjurations
 - Level 2.4 Fire Magic


You had 6 spell levels left.
You knew the following spells:

 Your Spells              Type           Power      Damage    Failure   Level
a - Foxfire               Conj/Fire      16%        2x1d4     95%         1

Your spell library contained the following spells:

 Spells                   Type           Power      Damage    Failure   Level
 Scorch                   Fire           10%        2d5       96%         2
 Conjure Flame            Conj/Fire      4%         6-21      100%        3
 Inner Flame              Hex/Fire       3%         N/A       100%        3
 Flame Wave               Conj/Fire      4%         2d5       100%        4

Inventory:

Missiles
 d - 3 javelins (quivered)
Armour
 g - a +0 leather armour (worn)
 h - a +1 leather armour of fire resistance
 i - a +0 scale mail
 j - a +0 pair of boots (worn)
 k - a +0 tower shield (worn)
Jewellery
 b - a ring of see invisible (left claw)
 l - a ring of ice
Scrolls
 e - a scroll of identify
 n - a scroll of enchant weapon {unknown}
Potions
 a - a potion of might {unknown}
 c - 3 potions of curing
 m - a potion of haste {unknown}

Dungeon Overview and Level Annotations

Branches:
Dungeon (4/15)
 Temple: D:4-7

Altars:
Fedhas

Shops:
D:1 *


Message History

The orc wizard gestures at you while chanting.
The puff of flame hits you!
4350 ||| DRINKING potion of heal wounds.
You feel much better.
The kobold hits you with a +0 short sword.
The orc wizard hits you but does no damage.
You block the orc's attack. The goblin hits you with a +0 club.
You scratch the orc wizard but do no damage.
The orc wizard is moderately wounded.
You block the kobold's attack. The orc wizard casts a spell at you.
The magic dart hits you. The orc hits you with a +0 dagger.
The goblin hits you with a +0 club.
You miss the orc wizard.
The orc wizard is moderately wounded.
The kobold barely misses you. You block the goblin's attack.
The orc wizard hits you with a +0 dagger of draining.
The orc hits you with a +0 dagger.
You barely miss the orc wizard.
The orc wizard is moderately wounded.
You block the kobold's attack. The goblin hits you with a +0 club.
The orc wizard hits you but does no damage.
The orc hits you with a +0 dagger. You block the goblin's attack.
The orc hits you but does no damage. You block the kobold's attack.
The orc wizard hits you with a +0 dagger of draining.
You scratch the orc wizard.
The orc wizard is severely wounded.
The kobold barely misses you. The orc wizard closely misses you.
The orc barely misses you. You block the goblin's attack.
You scratch the orc wizard.
The orc wizard is almost dead.
The kobold hits you with a +0 short sword.
The orc wizard barely misses you. The orc barely misses you.
You block the goblin's attack.
You scratch the orc wizard but do no damage.
The orc wizard is almost dead.
The kobold hits you with a +0 short sword.
The orc wizard gestures at you while chanting.
The puff of flame hits you. The goblin hits you with a +0 club.
You die...

###..#............~
##(................~
#...................
#...................
##................##
#...............<..
######.............
#####..#.......###
##@o#..###......#
#goK...# ...
#......##
##.......##
#.........##
#..........##
#............##
#.............#
#..............#


You could see an orc wizard (invisible), an orc, a goblin and a kobold.

Vanquished Creatures
  2 hounds (D:4)
  6 adders
  2 worms (D:2)
  4 dart slugs
  4 orcs (D:4)
  3 endoplasms
  3 giant cockroaches
  5 goblins
  7 hobgoblins
  4 quokkas
  7 ball pythons
  8 bats
  2 frilled lizards
  7 kobolds
  2 rats
66 creatures vanquished.

Vanquished Creatures (others)
  13 plants (D:2)
13 creatures vanquished.

Grand Total: 79 creatures vanquished

Notes
Turn   | Place    | Note
-------+----------+-------------------------------------------
     0 | D:1      | qw the Ghoul Fire Elementalist began the quest for the Orb.
     0 | D:1      | Reached XP level 1. HP: 14/14 MP: 2/2
     0 | D:1      | 0 ||| qw: Version: 0.1-a-90-g952f4b7
     0 | D:1      | 0 ||| qw: Game counter: 3803
     0 | D:1      | 0 ||| qw: Always use a shield: true
     0 | D:1      | 0 ||| qw: God list: Okawaru
     0 | D:1      | 0 ||| qw: Allow faded altars: false
     0 | D:1      | 0 ||| qw: Do Orc after D:15 true
     0 | D:1      | 0 ||| qw: Do second Lair branch before Depths: true
     0 | D:1      | 0 ||| qw: Lair rune preference: random
     0 | D:1      | 0 ||| qw: Plans: Normal
     0 | D:1      | 0 ||| PLANNING D:1-11
   131 | D:1      | 131 ||| Stepping ~*~*~tactically~*~*~ (hiding).
   233 | D:1      | 233 ||| Stepping ~*~*~tactically~*~*~ (hiding).
   335 | D:1      | 335 ||| Stepping ~*~*~tactically~*~*~ (hiding).
   437 | D:1      | 437 ||| Stepping ~*~*~tactically~*~*~ (hiding).
   545 | D:1      | Reached skill level 1 in Unarmed Combat
   580 | D:1      | Reached XP level 2. HP: 22/22 MP: 3/3
   731 | D:1      | Reached skill level 1 in Fighting
   851 | D:1      | 851 ||| Stepping ~*~*~tactically~*~*~ (outnumbered).
   852 | D:1      | 852 ||| Stepping ~*~*~tactically~*~*~ (outnumbered).
   853 | D:1      | 853 ||| Stepping ~*~*~tactically~*~*~ (outnumbered).
   854 | D:1      | 854 ||| Stepping ~*~*~tactically~*~*~ (outnumbered).
  1120 | D:1      | Found Vaajud's General Store.
  1154 | D:1      | 1154 ||| SHOPLISTING +0 cloak of stealth (126 gold, have
                  | 65).
  1154 | D:1      | 1154 ||| BUYING potion of curing (33 gold).
  1154 | D:1      | Bought a potion of curing for 33 gold pieces
  1154 | D:1      | 1154 ||| BUYING scroll of identify (22 gold).
  1154 | D:1      | Bought a scroll of identify for 22 gold pieces
  1392 | D:1      | 1392 ||| UPGRADING to +0 pair of boots.
  1397 | D:1      | 1397 ||| READING scroll labelled ICASHO MIEHA.
  1398 | D:1      | 1398 ||| READING scroll labelled PAUSUO ARRAGH.
  1399 | D:1      | 1399 ||| READING scroll labelled FOYR KAFAXTIL.
  1400 | D:1      | 1400 ||| READING scroll labelled ORCHE MINGISA.
  1401 | D:1      | 1401 ||| DRINKING 3 bubbling emerald potions.
  1402 | D:1      | 1402 ||| DROPPING potion of magic.
  1418 | D:2      | Reached XP level 3. HP: 28/28 MP: 4/4
  1775 | D:2      | Reached skill level 3 in Unarmed Combat
  1880 | D:2      | 1880 ||| Stepping ~*~*~tactically~*~*~ (stealth).
  1927 | D:2      | Found a faded altar of an unknown god.
  2327 | D:2      | Reached XP level 4. HP: 28/35 MP: 5/5
  2548 | D:2      | 2548 ||| UPGRADING to +0 leather armour.
  2558 | D:2      | 2558 ||| DROPPING +0 robe.
  2559 | D:2      | 2559 ||| UPGRADING to +0 tower shield.
  2564 | D:2      | 2564 ||| UPGRADING to ring of see invisible.
  2565 | D:2      | 2565 ||| READING scroll labelled NUEZ ILAURIXY.
  2566 | D:2      | 2566 ||| READING 2 scrolls of identify.
  2566 | D:2      | 2566 ||| IDENTIFYING lumpy grey potion
  2567 | D:2      | 2567 ||| DROPPING potion of attraction.
  2997 | D:3      | Reached skill level 1 in Shields
  3212 | D:3      | 3212 ||| Stepping ~*~*~tactically~*~*~ (stealth).
  3348 | D:3      | 3348 ||| READING scroll labelled OGGERHE BUENEI.
  3349 | D:3      | 3349 ||| READING scroll labelled ARUURO CIBOOWN.
  3350 | D:3      | 3350 ||| READING scroll labelled PEFOONLUNY.
  3393 | D:4      | 3393 ||| STAIRDANCE
  3477 | D:4      | 3477 ||| Stepping ~*~*~tactically~*~*~ (stealth).
  3521 | D:4      | 3521 ||| Stepping ~*~*~tactically~*~*~ (stealth).
  3524 | D:4      | 3524 ||| Stepping ~*~*~tactically~*~*~ (stealth).
  3527 | D:4      | 3527 ||| Stepping ~*~*~tactically~*~*~ (stealth).
  3541 | D:4      | HP: 5/35 [hound (5)]
  3542 | D:4      | 3542 ||| DRINKING 4 potions of heal wounds.
  3550 | D:4      | Reached XP level 5. HP: 18/40 MP: 6/6
  3550 | D:4      | 3550 ||| Stepping ~*~*~tactically~*~*~ (outnumbered).
  3551 | D:4      | 3551 ||| Stepping ~*~*~tactically~*~*~ (outnumbered).
  3840 | D:4      | Reached skill level 3 in Shields
  4005 | D:4      | Found a blossoming altar of Fedhas.
  4118 | D:4      | HP: 10/40 [adder (3)]
  4119 | D:4      | 4119 ||| DRINKING 3 potions of heal wounds.
  4327 | D:4      | 4327 ||| Stepping ~*~*~tactically~*~*~ (outnumbered).
  4329 | D:4      | 4329 ||| Stepping ~*~*~tactically~*~*~ (outnumbered).
  4330 | D:4      | 4330 ||| Stepping ~*~*~tactically~*~*~ (outnumbered).
  4331 | D:4      | 4331 ||| Stepping ~*~*~tactically~*~*~ (outnumbered).
  4332 | D:4      | 4332 ||| Stepping ~*~*~tactically~*~*~ (outnumbered).
  4333 | D:4      | 4333 ||| Stepping ~*~*~tactically~*~*~ (outnumbered).
  4334 | D:4      | 4334 ||| Stepping ~*~*~tactically~*~*~ (outnumbered).
  4335 | D:4      | 4335 ||| Stepping ~*~*~tactically~*~*~ (outnumbered).
  4347 | D:4      | HP: 5/40 [goblin/+0 club (6)]
  4348 | D:4      | 4348 ||| DRINKING 2 potions of heal wounds.
  4350 | D:4      | 4350 ||| DRINKING potion of heal wounds.
  4353 | D:4      | HP: 10/40 [orc wizard/+0 dagger of draining (2)]
  4356 | D:4      | HP: 4/40 [orc wizard/puff of flame (1)]
  4356 | D:4      | Slain by a goblin

Levels and vault maps discovered:
D:1:      amcnicky_arrival_double_pillar, layout_basic, serial_forest,
          infiniplex_forest_zigzag_1, infiniplex_forest_clump_tiny,
          infiniplex_forest_end_3, infiniplex_forest_clump_small,
          infiniplex_forest_lined_corner, infiniplex_forest_lined_corner,
          serial_shops, nicolae_shop_temple_entry_statues_fountains
D:2:      layout_basic, hellmonk_ecumenical_altar_blasted, serial_bayou,
          serial_bayou_lake_a, serial_bayou_pond_e, serial_bayou_shore_a,
          serial_bayou_pond_c, nrook_mini_backslash, minivault_26
D:3:      layout_basic, dk_noncrumbling_3
D:4:      layout_cave_pods, fedhas_ov_isle_minmay

Skill      XL: |  1  2  3  4  5 |
---------------+----------------+-----
Unarmed Combat | 1 2 3 |  3.6
Fighting       | 1 |  1.0
Shields        | 2 3 |  3.3
Dodging        | |  1.7
Stealth        | |  2.1
Spellcasting   | |  1.7
Conjurations   | |  0.7
Fire Magic     | |  2.4

Action                   |  1- 3 |  4- 6 || total
-------------------------+-------+-------++-------
Melee: Unarmed           |   129 |   151 ||   280
       Punch             |     2 |       ||     2
Throw: Javelin           |    45 |    32 ||    77
  Use: Scroll            |     4 |     5 ||     9
       Potion            |     1 |     4 ||     5
 Stab: Sleeping          |       |     1 ||     1
Armor: Robe              |    45 |       ||    45
       Leather armour    |       |    60 ||    60
Dodge: Dodged            |   100 |    81 ||   181
Block: Tower shield      |       |   136 ||   136

Table legend:
 A = Non-vault XP
 B = Vault XP
 C = Vault XP percentage of total XP
 D = Non-vault monster count
 E = Vault monster count
 F = Vault count percentage of total count
                 A         B        C        D         E       F
            +---------+---------+-------+---------+---------+-------
      Total |     276 |       0 |   0.0 |      66 |       0 |   0.0
            +---------+---------+-------+---------+---------+-------
        D:1 |      32 |       0 |   0.0 |      18 |       0 |   0.0
        D:2 |      52 |       0 |   0.0 |      19 |       0 |   0.0
        D:3 |      45 |       0 |   0.0 |      14 |       0 |   0.0
        D:4 |     147 |       0 |   0.0 |      15 |       0 |   0.0
            +---------+---------+-------+---------+---------+-------
